 Dungeon Crawl Stone Soup version 0.31-a0-865-g3d5d91748a (webtiles) character file.

Game seed: 4941186481691483136

2121 kae the Cleaver (level 9, -1/82 HPs)
             Began as a Hill Orc Fighter on Oct 10, 2023.
             Was an Initiate of Qazlal.
             Slain by Amaemon
             ... wielding a +0 demon whip of venom
              (9 damage)
             ... while paralysed by Amaemon
             ... on level 8 of the Dungeon.
             The game lasted 00:04:47 (7816 turns).

kae the Cleaver (Hill Orc Fighter)                  Turns: 7816, Time: 00:04:48

Health: -1/82      AC:  8    Str: 23    XL:     9   Next: 29%
Magic:  12/12      EV:  2    Int:  8    God:    Qazlal [......]
Gold:   255        SH:  0    Dex: 10    Spells: 8/8 levels left

rFire   . . .        a - +0 war axe
rCold   . . .        c - +1 buckler
rNeg    . . .        b - +0 scale mail
rPois   +            (no helmet)
rElec   .            o - +0 cloak
rCorr   .            (no gloves)
SInv    .            (no boots)
Will    .....        A - amulet of the acrobat Stlth
                     E - +5 ring of evasion
HPRegen 0.33/turn    P - ring of poison resistance
MPRegen 0.13/turn

%: acrobat
@: paralysed, lethally poisoned (-1 -> -6)
A: no striking features
a: Renounce Religion


You were on level 8 of the Dungeon.
You worshipped Qazlal.
Qazlal was noncommittal.
You visited 2 branches of the dungeon, and saw 9 of its levels.

You collected 398 gold pieces.
You spent 143 gold pieces at shops.


   Skills:
 + Level 8.8 Fighting
 * Level 12.3 Axes
 - Level 3.2 Armour
 - Level 3.2 Shields
 + Level 4.2 Invocations


You had 8 spell levels left.
You didn't know any spells.
Your spell library contained the following spells:

 Spells                   Type           Power      Damage    Failure   Level
 Apportation              Tloc           0%         N/A       78%         1
 Necrotise                Necr           0%         1d4       78%         1
 Ensorcelled Hibernation  Hex/Ice        0%         N/A       89%         2
 Jinxbite                 Hex            0%         N/A       89%         2
 Lesser Beckoning         Tloc           0%         N/A       89%         2
 Gell's Gravitas          Tloc           0%         N/A       98%         3
 Summon Guardian Golem    Hex/Summ       0%         N/A       98%         3
 Teleport Other           Tloc           0%         N/A       98%         3
 Vampiric Draining        Necr           0%         2d6       98%         3
 Anguish                  Hex/Necr       0%         N/A       100%        4
 Agony                    Necr           0%         N/A       100%        5
 Alistair's Intoxication  Tmut/Pois      0%         N/A       100%        5
 Orb of Destruction       Conj           0%         9d5       100%        7
 Spellforged Servitor     Conj/Summ      0%         N/A       100%        7

Inventory:

Hand Weapons
 a - a +0 war axe (weapon)
Missiles
 e - 2 darts of dispersal {=f!f}
 f - 63 stones
 n - 9 poisoned darts
 q - a curare-tipped dart {=f}
 r - 9 boomerangs
Armour
 b - a +0 scale mail (worn)
 c - a +1 buckler (worn)
 o - a +0 cloak (worn)
   (You found it on level 4 of the Dungeon)
Jewellery
 A - an amulet of the acrobat (around neck)
   (You found it on level 7 of the Dungeon)
 E - a +5 ring of evasion (left hand)
   (You found it on level 2 of the Dungeon)
 I - a +6 ring of intelligence
   (You found it on level 4 of the Dungeon)
 P - a ring of poison resistance (right hand)
   (You found it on level 1 of the Dungeon)
 R - a ring of resist corrosion
   (You found it on level 7 of the Dungeon)
Wands
 m - a wand of roots (12)
   (You took it off Ijyb on level 4 of the Dungeon)
Scrolls
 g - 3 scrolls of teleportation {@r4}
 h - a scroll of blinking {!r}
 v - a scroll of enchant armour
 w - 4 scrolls of noise {!r}
 y - a scroll of vulnerability {!r!r}
Potions
 d - 2 potions of might
 i - 2 potions of mutation {unknown}
 j - 2 potions of degeneration {!q}
 l - a potion of lignification {!q}
 p - 2 potions of enlightenment
 s - 4 potions of haste {@q3}
 t - 2 potions of attraction {!q}
 u - a potion of brilliance
 x - a potion of heal wounds {@q2}

Dungeon Overview and Level Annotations

Branches:
Dungeon (8/15) Zot: 26963  Temple (1/1) D:5 Zot: 5947
   Lair: D:8-11

Altars:
Ashenzari
Cheibriados
Dithmenos
Fedhas
Gozag
Hepliaklqana
Kikubaaqudgha
Makhleb
Nemelex Xobeh
Okawaru
Qazlal
Ru
Sif Muna
Trog
Vehumet
Wu Jian
Xom
Zin

Shops:
D:1 !   D:2 =   D:7 ?

Annotations:
D:5 Dowan
D:8 Amaemon

.# .. #.###..
...#... ###.#.....
#.........
########.........
##.##.#...........
##..#......@6#..
#..........#......$
##...#.....#.4.....
##..#.....##......
#..#..#.##.......
#..........#.....
##...............
##.##...........
##...#..........


You could see Amaemon and an orange demon (curare).


Message History

No target in view!
No target in view! 😎 HP[+1]
Your hp is fully restored (82).
Found a stone staircase leading down.
w - 4 scrolls of noise {!r} (gained 2)
R - a ring of resist corrosion No target in view!
No target in view!
You see here a +0 scimitar.
g - 3 scrolls of teleportation {@r4} (gained 1)
Found a stone staircase leading down.
No target in view!
No target in view!
There is a stone staircase leading down here.
You see here a +0 scimitar.
Your storm dissipates completely.
No target in view!
No target in view!
Key pressed, stopping explore.
No target in view!
No target in view!
There is a stone staircase leading up here.
You see here a +0 ring mail.
You now have 255 gold pieces (gained 11).
You see here a +0 long sword.
You see here a +0 ring mail.
Key pressed, stopping explore.
Things that are here:
a +0 trident; a +0 leather armour
Items here: )) [[.
Things that are here:
a +0 club; a +0 scale mail Done exploring.
No target in view!
No target in view!
Done exploring.
No target in view!
No target in view!
Done exploring.
No target in view!
No target in view!
Done exploring.
No target in view!
No target in view!
Done exploring.
Search for what [Enter for "qaz", or ? for help]? axe
As you read the scroll of identify {@r1}, it crumbles to dust.
t - 2 potions of attraction
Okay, then.
You start putting on your amulet.
You continue putting on your amulet of the acrobat. x5
You finish putting on your amulet of the acrobat.
You feel ready to tumble and roll out of harm's way.
A - an amulet of the acrobat (around neck)
Okay, then.
There is a stone staircase leading down here.
You climb downwards.
Found a stone staircase leading up and two stone staircases leading down.
There is a stone staircase leading up here.
Found an escape hatch in the ceiling.
Amaemon the Diabolical Poisoner comes into view.
He is wielding a +0 demon whip of venom and carrying a wand of paralysis.
Amaemon shouts!
Okay, then.
You start waiting.
Amaemon is nearby!
An orange demon comes into view.
The orange demon screeches!
Amaemon misses you. Amaemon barely misses you. Amaemon closely misses you.
You slice Amaemon!! You slash Amaemon!
Amaemon casts a spell at the orange demon.
The orange demon seems to grow toxic.
You hit Amaemon but do no damage.
Amaemon hits you with a +0 demon whip of venom!
Amaemon claws you but does no damage. You block Amaemon's attack. 😕 HP[-9]
You take 9 damage, and now have 73/82 hp.
You hit Amaemon.
Amaemon whines, "They said I was special.
Look at me now!"
Amaemon zaps a wand.
You suddenly lose the ability to move!
The orange demon stings you from afar. x2
Amaemon hits you with a +0 demon whip of venom!
You are poisoned.
Amaemon claws you but does no damage. Amaemon tail-slaps you.
You feel very sick. The orange demon stings you from afar.
* * * LOW HITPOINT WARNING * * *
Amaemon hits you with a +0 demon whip of venom!
* * * LOW HITPOINT WARNING * * *
Amaemon claws you.
* * * LOW HITPOINT WARNING * * *
Amaemon tail-slaps you.
* * * LOW HITPOINT WARNING * * *
You feel sick. The orange demon stings you from afar.
* * * LOW HITPOINT WARNING * * *
Amaemon hits you with a +0 demon whip of venom!
* * * LOW HITPOINT WARNING * * *
Amaemon claws you!
You die...

Skill      XL: |  1  2  3  4  5  6  7  8  9 |
---------------+----------------------------+-----
Axes           | 3 4 5 7 8 9 11 12 | 12.3
Fighting       | 4 5 6 7 8 |  8.8
Invocations    | 3 4 |  4.2
Armour         | |  3.2
Shields        | |  3.2

Action                     |  1- 3 |  4- 6 |  7- 9 || total
---------------------------+-------+-------+-------++-------
  Melee: War axe           |    95 |   117 |   226 ||   438
  Evoke: Wand              |       |       |     1 ||     1
    Use: Scroll            |     3 |     8 |     7 ||    18
         Potion            |       |       |     3 ||     3
 Armour: Scale mail        |    62 |    34 |   132 ||   228
  Dodge: Dodged            |    53 |    57 |   112 ||   222
  Block: Buckler           |    23 |    34 |    44 ||   101

Levels and vault maps discovered:
D:1:      shiori_arrival_whats_in_store_for_you, layout_loops_corners,
          ebering_ecumenical_altar_webs, serial_shops,
          nicolae_shop_tiny_statue_garden, chequers_serial_rivers_micro_e,
          bh_walls_and_bars
D:2:      layout_basic, serial_shops, shop, basic_altar, uniq_crazy_yiuf_cottage
D:3:      layout_loops_ring, nemelex_diamond_rough_becter, pf_just_have_faith,
          kennysheep_generic_room_13, uniq_sigmund
D:4:      layout_basic, minmay_misc_feat_room, uniq_ijyb
D:5:      layout_loops_corners, kennysheep_little_box,
          minmay_temple_entry_wispy, amethyst_killhole,
          kennysheep_big_empty_room, uniq_duvessa
D:6:      layout_rooms
D:7:      layout_basic, mainiacjoe_overflow_big_doors, serial_corexii_hall,
          corexii_hall_statues_deadend, chequers_hall_statues_corner_a,
          corexii_hall_statues_i, serial_shops, shop
D:8:      layout_cave_pools, xom_teletrap_fun, hellmonk_lair_entry_icy,
          serial_shops, shop, minmay_misc_feat_pillars, uniq_amaemon
Temple:   minmay_temple_forest_path

Notes
Turn   | Place    | Note
-------+----------+-------------------------------------------
     0 | D:1      | kae the Hill Orc Fighter began the quest for the Orb.
     0 | D:1      | Reached XP level 1. HP: 19/19 MP: 1/1
     0 | D:1      | Noticed a minotaur zombie
     0 | D:1      | magus.rc [v1.11.3]
    20 | D:1      | Noticed a merfolk zombie
    86 | D:1      | Found a faded altar of an unknown god.
   227 | D:1      | Reached skill level 3 in Axes
   286 | D:1      | Reached XP level 2. HP: 27/27 MP: 2/2
   638 | D:1      | Reached skill level 4 in Fighting
   754 | D:1      | Found Rausaeb's Distillery.
   763 | D:1      | Bought a potion of lignification for 39 gold pieces
  1080 | D:2      | HP: 6/27 [kobold/sling bullet (3)]
  1088 | D:2      | Reached skill level 4 in Axes
  1137 | D:2      | Reached XP level 3. HP: 25/33 MP: 3/3
  1177 | D:2      | Identified the +3 quarterstaff of Rishal {spect, Fly rElec
                  | rN+}
  1203 | D:2      | You pick up a book of Necromancy and begin reading...
  1203 | D:2      | You add the spells Necrotise, Vampiric Draining and Agony
                  | to your library.
  1277 | D:2      | Found Ofio's Jewellery Shop.
  1828 | D:2      | Found a runed translucent door.
  1829 | D:2      | Noticed Crazy Yiuf
  1917 | D:2      | Found a shimmering altar of Xom.
  2147 | D:2      | Killed Crazy Yiuf
  2148 | D:2      | Reached skill level 5 in Axes
  2148 | D:2      | Reached XP level 4. HP: 33/41 MP: 4/4
  2257 | D:3      | You pick up a book of Dangerous Friends and begin
                  | reading...
  2257 | D:3      | You add the spells Summon Guardian Golem, Orb of
                  | Destruction and Spellforged Servitor to your library.
  2333 | D:3      | Noticed Sigmund
  2389 | D:3      | Reached XP level 5. HP: 47/47 MP: 5/5
  2516 | D:3      | Killed Sigmund
  2517 | D:3      | Reached skill level 5 in Fighting
  2517 | D:3      | Reached skill level 7 in Axes
  2517 | D:3      | Reached XP level 6. HP: 50/56 MP: 6/6
  2549 | D:3      | You pick up a book of Displacement and begin reading...
  2549 | D:3      | You add the spells Lesser Beckoning, Gell's Gravitas and
                  | Teleport Other to your library.
  2586 | D:3      | Found an ornate altar of the Wu Jian Council.
  2666 | D:3      | Found a sparkling altar of Nemelex Xobeh.
  2671 | D:3      | You pick up a book of Party Tricks and begin reading...
  2671 | D:3      | You add the spells Apportation, Jinxbite and Alistair's
                  | Intoxication to your library.
  2673 | D:3      | You pick up a book of Displacement and begin reading...
  2873 | D:3      | Identified the +0 robe "Qyphaiz" {rF+ Int+3 Stlth-}
  3150 | D:4      | Noticed Ijyb
  3159 | D:4      | Killed Ijyb
  4093 | D:5      | Entered Level 5 of the Dungeon
  4108 | D:4      | HP: 14/57 [orc priest/+0 hand axe (3)]
  4322 | D:5      | Found a staircase to the Ecumenical Temple.
  4328 | D:5      | Reached skill level 6 in Fighting
  4335 | Temple   | Entered the Ecumenical Temple
  4361 | Temple   | Became a worshipper of Qazlal Stormbringer
  4507 | D:5      | Reached skill level 8 in Axes
  4507 | D:5      | Reached XP level 7. HP: 63/63 MP: 7/7
  4774 | D:5      | Reached skill level 9 in Axes
  4898 | D:5      | Noticed Dowan
  5387 | D:5      | Noticed Duvessa
  5406 | D:5      | Killed Duvessa
  5407 | D:5      | Reached skill level 7 in Fighting
  5530 | D:5      | Found a snail-covered altar of Cheibriados.
  5579 | D:5      | Reached XP level 8. HP: 31/73 MP: 8/8
  5815 | D:6      | Reached skill level 10 in Axes
  5993 | D:6      | Reached skill level 11 in Axes
  5993 | D:6      | Reached skill level 1 in Invocations
  6024 | D:6      | You pick up a book of Dreams and begin reading...
  6024 | D:6      | You add the spells Ensorcelled Hibernation and Anguish to
                  | your library.
  6128 | D:6      | Identified the +5 quarterstaff of Zizasm {vamp, rPois
                  | Will+}
  6357 | D:7      | Reached skill level 8 in Fighting
  6358 | D:7      | Reached skill level 2 in Invocations
  6367 | D:7      | HP: 16/74 [something (3)]
  6369 | D:7      | HP: 4/74 [something/puff of flame (7)]
  6374 | D:7      | HP: 10/74 [something (3)]
  6582 | D:7      | Noticed a wyvern
  6595 | D:7      | Killed a wyvern
  6889 | D:7      | Found an iron altar of Okawaru.
  6894 | D:7      | Found a hazy altar of Hepliaklqana.
  6931 | D:7      | Reached skill level 3 in Invocations
  6931 | D:7      | Reached XP level 9. HP: 81/82 MP: 11/11
  6997 | D:7      | Reached * piety under Qazlal
  6998 | D:7      | Reached skill level 12 in Axes
  7019 | D:7      | Found Oschum's Magic Scroll Boutique.
  7075 | D:7      | Bought 3 scrolls of identify for 78 gold pieces
  7078 | D:7      | Bought a scroll of identify for 26 gold pieces
  7377 | D:7      | Reached skill level 4 in Invocations
  7802 | D:8      | Noticed Amaemon
  7809 | D:8      | Noticed an orange demon
  7813 | D:8      | Paralysed by Amaemon for 5 turns
  7815 | D:8      | HP: 19/82 [Amaemon/+0 demon whip of venom (5)]
  7816 | D:8      | HP: 8/82 [Amaemon/+0 demon whip of venom (7)]
  7816 | D:8      | Slain by Amaemon

Vanquished Creatures
  Sigmund (D:3)
  A wyvern (D:7)
  A steam dragon (D:6)
  2 sky beasts
  Duvessa (D:5)
  An orc warrior (D:7)
  An ogre (D:5)
  A phantom (D:5)
  3 bullfrogs
  A kobold brigand (D:5)
  5 howler monkeys
  6 hounds
  Crazy Yiuf (D:2)
  4 orc priests
  Ijyb (D:4)
  An iguana (D:5)
  4 orc wizards
  6 adders
  3 shadow imps
  2 white imps
  2 worms
  4 dart slugs
  24 orcs
  5 endoplasms
  3 giant cockroaches
  6 goblins
  4 hobgoblins (D:1)
  8 jackals
  3 quokkas
  2 ball pythons (D:3)
  2 bats (D:2)
  A frilled lizard (D:1)
  12 kobolds
  4 rats
126 creatures vanquished.

Table legend:
 A = Non-vault XP
 B = Vault XP
 C = Vault XP percentage of total XP
 D = Non-vault monster count
 E = Vault monster count
 F = Vault count percentage of total count
                 A         B        C        D         E       F
            +---------+---------+-------+---------+---------+-------
      Total |    2587 |     444 |  14.6 |     121 |       5 |   4.0
            +---------+---------+-------+---------+---------+-------
        D:1 |      26 |       0 |   0.0 |      13 |       0 |   0.0
        D:2 |      55 |      41 |  42.7 |      17 |       1 |   5.6
        D:3 |      75 |     227 |  75.2 |      21 |       2 |   8.7
        D:4 |      70 |      38 |  35.2 |      13 |       1 |   7.1
        D:5 |     631 |     138 |  17.9 |      25 |       1 |   3.8
        D:6 |     593 |       0 |   0.0 |       8 |       0 |   0.0
        D:7 |    1137 |       0 |   0.0 |      24 |       0 |   0.0
            +---------+---------+-------+---------+---------+-------

Skill      XL: |  1  2  3  4  5  6  7  8  9 |
---------------+----------------------------+-----
Axes           | 3 4 5 7 8 9 11 12 | 12.3
Fighting       | 4 5 6 7 8 |  8.8
Invocations    | 3 4 |  4.2
Armour         | |  3.2
Shields        | |  3.2

Action                     |  1- 3 |  4- 6 |  7- 9 || total
---------------------------+-------+-------+-------++-------
  Melee: War axe           |    95 |   117 |   226 ||   438
  Evoke: Wand              |       |       |     1 ||     1
    Use: Scroll            |     3 |     8 |     7 ||    18
         Potion            |       |       |     3 ||     3
 Armour: Scale mail        |    62 |    34 |   132 ||   228
  Dodge: Dodged            |    53 |    57 |   112 ||   222
  Block: Buckler           |    23 |    34 |    44 ||   101

Illustrated notes

Table legend:
 A = Kills in this place as a percentage of kills in the entire game.
 B = Kills by you in this place as a percentage of kills by you in the entire game.
 C = Kills by friends in this place as a percentage of kills by friends in the entire game.
 D = Other kills in this place as a percentage of other kills in the entire game.
 E = Experience gained in this place as a percentage of experience gained in the entire game.
 F = Experience gained in this place divided by the number of levels of this place that you have seen.
                   A       B       C       D       E      F
               +-------+-------+-------+-------+-------+----------------------
         Total | 100.0 | 100.0 |   N/A |   N/A | 100.0 | 336.8
       Dungeon | 100.0 | 100.0 |   N/A |   N/A | 100.0 | 378.9
               +-------+-------+-------+-------+-------+----------------------

Table legend: (Time is in decaauts)
 A = Elapsed time spent in this place.
 B = Non-inter-level travel time spent in this place.
 C = Inter-level travel time spent in this place.
 D = Time resting spent in this place.
 E = Time spent auto-exploring this place.
 F = Levels seen in this place.
 G = Mean time per level.
                   A        B        C        D        E       F      G
               +--------+--------+--------+--------+--------+-----+--------+
         Total |   7872 |   7585 |    287 |    757 |   5833 |   9 |  874.7 |
       Dungeon |   7820 |   7584 |    236 |    757 |   5833 |   8 |  977.5 |
        Temple |     52 |      1 |     51 |      0 |      0 |   1 |   52.0 |
               +--------+--------+--------+--------+--------+-----+--------+

Top non-repeatable levels by time:
     D:5: 1434 daAuts
     D:7: 1335 daAuts
     D:4: 1283 daAuts
     D:2: 1193 daAuts
     D:1: 1018 daAuts
     D:3: 885 daAuts
     D:6: 633 daAuts
  Temple: 52 daAuts
     D:8: 35 daAuts
